 Dungeon Crawl Stone Soup version 0.27.1-33-g824d729ab1 (webtiles) character file.

Game seed: 9301417467316978661

46 jlumianski the Skirmisher (level 3, -2/24 HPs)
             Began as a Gargoyle Monk on Dec 18, 2021.
             Slain by Sigmund (10 damage)
             ... on level 2 of the Dungeon.
             The game lasted 00:04:56 (1860 turns).

jlumianski the Skirmisher (Gargoyle Monk)           Turns: 1860, Time: 00:04:56

Health: -2/24      AC: 12    Str: 15    XL:     3   Next: 68%
Magic:  3/3        EV:  7    Int: 10    God:
Gold:   31         SH:  0    Dex: 12    Spells: 2/2 levels left

rFire    . . .     SeeInvis .   a - +0 hand axe
rCold    . . .     Faith    .   (no shield)
rNeg     + . .     Spirit   .   c - +0 chain mail
rPois    ∞         Reflect  .   (no helmet)
rElec    +         Harm     .   h - +0 cloak
rCorr    .         Rampage  .   (no gloves)
Will     .....                  (no boots)
Stlth    ..........             (no amulet)
HPRegen  0.08/turn              (no ring)
MPRegen  0.08/turn              (no ring)

@: no status effects
A: sickness immunity, AC +3, negative energy resistance 1, electricity
resistance, torment resistance 1, petrification resistance
a: no special abilities


You were on level 2 of the Dungeon.
You visited 1 branch of the dungeon, and saw 2 of its levels.

You collected 31 gold pieces.

Inventory:

Hand Weapons
 a - a +0 hand axe (weapon)
Missiles
 d - 5 stones (quivered)
Armour
 b - a +0 robe
 c - a +0 chain mail (worn)
 h - a +0 cloak (worn)
Magical Staves
 f - a staff of cold
Potions
 e - a potion of brilliance
 g - 2 potions of curing


   Skills:
 + Level 3.7 Fighting
 + Level 3.4 Axes
 + Level 1.0 Armour
 + Level 2.5 Dodging
 + Level 2.3 Stealth


You had 2 spell levels left.
You didn't know any spells.
Your spell library contained the following spells:

 Spells                   Type           Power      Damage    Failure   Level
 Freeze                   Ice            0%         1d3       100%        1
 Frozen Ramparts          Ice            0%         1d2       100%        3
 Hailstorm                Conj/Ice       0%         3d3       100%        4


Dungeon Overview and Level Annotations

Branches:
Dungeon (2/15)

Altars:

Annotations:
D:2 Sigmund


Innate Abilities, Weirdness & Mutations

You are immune to sickness and miasma.
Your stone body is resilient. (AC +3)
You are immune to poison.
You resist negative energy. (rN+)
You are resistant to electric shocks. (rElec)
You are resistant to unholy torment.
You are immune to petrification.


Message History

You kill the rat!
Found a scroll labelled ITOARA LOAWN.
You pick up a book of Frost and begin reading...
You add the spells Freeze, Frozen Ramparts and Hailstorm to your library.
Okay, then.
Unknown command.
f - a scroll labelled ITOARA LOAWN
g - 3 potions of curing (gained 2)
Found a stone staircase leading down.
Found a scroll labelled WYDOTHR IHIWOF.
i - a scroll labelled WYDOTHR IHIWOF
As you read the scroll labelled ITOARA LOAWN, it crumbles to dust.
A profound silence engulfs you.
It was a scroll of silence.
Sigmund the Dreaded comes into view.
He is wielding a +0 scythe and wearing a +2 robe of fire resistance.
Your hearing returns.
Sigmund shouts!
Blink to where?
Press: ? - help, Dir - move target
Found a thin glowing staff.
As you read the scroll labelled WYDOTHR IHIWOF, it crumbles to dust.
It was a scroll of blinking.
Sigmund mumbles some strange words.
Sigmund flickers and vanishes!
Deactivating autopickup; reactivate with Ctrl-A.
You miss something. Something hits you!
You hear some strange, mumbled words.
A magic dart appears from out of thin air!
The magic dart hits you.
You hear some strange, mumbled words.
Something tries to affect you, but you resist.
You see here a staff of cold.
f - a staff of cold You hear some strange, mumbled words.
You are confused.
You bump into the rock wall.
Something hits you.
You bump into the rock wall.
Okay, then.
You feel better. Something hits you! Something hits you!
You die...

#.# #.# ##.#
#..##########
#.###.......####
#.# #.##.......#
#.# #.##.##.##.#
#.###.##...{##.####
#........##@.......
#####.##.##.##.####
#..........#
############


There were no monsters in sight!

Vanquished Creatures
  An adder (D:2)
  2 ball pythons (D:1)
  2 endoplasms
  A giant cockroach (D:2)
  3 goblins (D:1)
  6 hobgoblins
  2 jackals (D:1)
  5 kobolds
  3 quokkas
  3 bats
  2 frilled lizards (D:2)
  2 rats (D:2)
32 creatures vanquished.

Notes
Turn   | Place    | Note
-------+----------+-------------------------------------------
     0 | D:1      | jlumianski the Gargoyle Monk began the quest for the Orb.
     0 | D:1      | Reached XP level 1. HP: 14/14 MP: 1/1
   262 | D:1      | Reached XP level 2. HP: 3/19 MP: 2/2
  1030 | D:1      | Reached XP level 3. HP: 22/24 MP: 3/3
  1443 | D:2      | Reached skill level 1 in Armour
  1849 | D:2      | Noticed Sigmund
  1860 | D:2      | Slain by Sigmund

Illustrated notes

Levels and vault maps discovered:
D:1:      pf_arrival_petrified_forest, layout_basic,
          hangedman_abyss_or_decor_stabs
D:2:      layout_loops_cross, kennysheep_generic_room_8, uniq_sigmund

Skill      XL: |  1  2  3 |
---------------+----------+-----
Axes           | 3 |  3.4
Armour         | 1 |  1.0
Fighting       | |  3.7
Dodging        | |  2.5
Stealth        | |  2.3

Action                   || total
-------------------------++-------
Melee: Hand axe          ||   119
  Use: Scroll            ||     7
       Potion            ||     1
Armor: Chain mail        ||   131
Dodge: Dodged            ||    58
